 Dungeon Crawl Stone Soup version 0.31-a0-1388-g4b2ba238e7 (webtiles) character file.

Game seed: 18089864730604619642

624 RBrandon the Changeling (level 7, -1/69 HPs)
             Began as a Human Earth Elementalist on Dec 24, 2023.
             Was a Believer of Makhleb.
             Shot with an arrow by a centaur (4 damage)
             ... on level 5 of the Dungeon.
             The game lasted 00:12:23 (4678 turns).

RBrandon the Changeling (Human Earth Elementalist)  Turns: 4678, Time: 00:12:23

Health: -1/69      AC: 23    Str: 14    XL:     7   Next: 47%
Magic:  11/11      EV:  2    Int: 18    God:    Makhleb [**....]
Gold:   224        SH:  0    Dex: 13    Spells: 6/12 levels left

rFire   . . .        (no weapon)
rCold   . . .        (no shield)
rNeg    . . .        B - melded +0 robe
rPois   +            (helmet currently unavailable)
rElec   .            i - melded scarf {+Inv}
rCorr   .            r - melded +0 pair of gloves
SInv    .            (boots currently unavailable)
Will    .....        (no amulet)
Stlth   ++           f - +6 ring of strength
HPRegen 0.31/turn    (no ring)
MPRegen 0.12/turn

%: no passive effects
@: tree-form, attractive, invisible
A: stationary, stasis, torment immunity, boosted hp, explore regen
a: Renounce Religion, Minor Destruction


You were on level 5 of the Dungeon.
You worshipped Makhleb.
Makhleb was pleased with you.
You were a tree.
You visited 1 branch of the dungeon, and saw 5 of its levels.
You also visited: Sewer.

You collected 224 gold pieces.

Inventory:

Hand Weapons
 a - a +1 sling of freezing
   (You took it off a goblin on level 3 of the Dungeon)
 c - a +0 short sword
 m - a +0 sling
Missiles
 o - 2 poisoned darts
Armour
 i - a scarf of invisibility (melded)
   (You found it on level 1 of the Dungeon)
 r - a +0 pair of gloves (melded)
 z - a +0 ring mail
 B - a +0 robe (melded)
Jewellery
 f - a +6 ring of strength (left branch)
 G - a +6 ring of strength
Talismans
 q - a serpent talisman (active)
Wands
 d - a wand of charming (5)
 p - a wand of flame (25)
 A - a wand of polymorph (14)
Scrolls
 e - 4 scrolls of identify {unknown}
 g - a scroll of silence {unknown}
 j - 2 scrolls of poison
 l - 2 scrolls of vulnerability {unknown}
 s - a scroll of acquirement {unknown}
 t - a scroll of brand weapon {unknown}
 u - 3 scrolls of enchant weapon {unknown}
 v - a scroll of noise {unknown}
 x - a scroll of immolation {unknown}
 y - a scroll of butterflies {unknown}
 C - a scroll of blinking {unknown}
 E - 2 scrolls of teleportation {unknown}
 F - 2 scrolls of amnesia {unknown}
Potions
 b - 3 potions of magic
 w - a potion of brilliance


   Skills:
 - Level 2.0 Dodging
 - Level 2.0 Stealth
 - Level 3.0 Spellcasting
 - Level 5.2 Earth Magic
 - Level 1.0 Alchemy
 + Level 5.3 Shapeshifting


You had 6 spell levels left.
You knew the following spells:

 Your Spells              Type           Power      Damage    Failure   Level
a - Sandblast             Erth           42%        2d11      1%          1
b - Passwall              Alch/Erth      10%        N/A       7%          2
c - Stone Arrow           Conj/Erth      24%        3d8       17%         3

Your spell library contained the following spells:

 Spells                   Type           Power      Damage    Failure   Level
 Mercury Vapours          Alch/Air       8%         N/A       21%         2
 Mephitic Cloud           Conj/Alch/Air  3%         N/A       38%         3
 Petrify                  Alch/Erth      13%        N/A       41%         4
 Brom's Barrelling Bould  Conj/Erth      12%        2d4       50%         4
 Passage of Golubria      Tloc           2%         N/A       85%         4
 Freezing Cloud           Conj/Ice/Air   1%         6-21      99%         5
 Silence                  Hex/Air        1%         N/A       99%         5
 Lehudib's Crystal Spear  Conj/Erth      6%         10d3      100%        8


Dungeon Overview and Level Annotations

Branches:
Dungeon (5/15)              Sewer (visited)
 Temple: D:4-7

Altars:
Dithmenos
Fedhas
Hepliaklqana
Makhleb
Zin

Shops:
D:3 (

Annotations:
D:3 exclusion: iguana


Innate Abilities, Weirdness & Mutations

You are a tree.
Your roots penetrate the ground, keeping you stationary.
You cannot be teleported.
You are immune to unholy pain and torment.
Your maximum health is greatly increased.
Your equipment is partially melded.
You regain HP and MP as you explore.


Message History

It stops flaming.
The centaur hits you but does no damage.
The centaur kicks you but does no damage.
It was a potion of enlightenment.
Your roots keep you in place.
The centaur hits you but does no damage.
The centaur barely misses you.
You shoot a sling bullet.
The sling bullet barely misses the centaur.
The centaur hits you but does no damage.
The centaur kicks you.
* * * LOW HITPOINT WARNING * * *
The centaur hits you but does no damage.
The centaur kicks you but does no damage.
The iguana is attracted toward you.
Your +1 sling of freezing stops glowing.
You are now empty-handed.
The centaur hits you but does no damage.
The centaur kicks you but does no damage.
The iguana hisses angrily.
You smack the centaur!
The centaur is heavily wounded.
The iguana hisses angrily.
The centaur wields a +1 shortbow of flaming.
It bursts into flame!
The centaur shoots an arrow.
The arrow hits the iguana!
The arrow burns the iguana.
You hit the iguana but do no damage.
The iguana is severely wounded.
The iguana bites you but does no damage.
The centaur shoots an arrow.
The arrow closely misses the iguana.
The arrow hits you.
* * * LOW HITPOINT WARNING * * *
The arrow burns you.
* * * LOW HITPOINT WARNING * * *
You strike the helpless iguana from behind!
You smack the iguana!
You kill the iguana!
Makhleb accepts your kill.
Your enlightenment fades.
The centaur shoots an arrow.
The arrow hits you.
You die...

.............$#
..............#
..............#
...#....##§...###########
..............#..........
.... ...##....#.####+##+#
....###.##......#
#<##.....### #.##....c†♣+
#.###..#...#..# #.#
##.###.#..# #.#
#..##.#..# #.# ##....+..+
##.#####...##..#
######.........## ..#
#..........###.###..#
#.######..#......'##+##+


You could see a centaur (unable to see you).

Vanquished Creatures
  A bullfrog (D:4)
  A scorpion (D:4)
  A bombardier beetle (D:4)
  A gnoll bouda (D:4)
  An orc priest (D:4)
  Jessica (D:2)
  2 iguanas
  An orc wizard (D:3)
  Ijyb (D:3)
  A hell rat (Sewer)
  Robin (D:3)
  8 gnolls (D:4)
  A river rat (Sewer)
  7 adders
  3 worms
  2 dart slugs
  9 orcs (D:4)
  8 ball pythons
  7 bats
  6 endoplasms
  3 giant cockroaches
  10 goblins
  5 hobgoblins
  7 jackals
  6 kobolds
  4 quokkas
  3 frilled lizards
  8 rats
109 creatures vanquished.

Vanquished Creatures (collateral kills)
  A river rat (Sewer)
  5 rats (Sewer)
6 creatures vanquished.

Grand Total: 115 creatures vanquished

Notes
Turn   | Place    | Note
-------+----------+-------------------------------------------
     0 | D:1      | RBrandon the Human Earth Elementalist began the quest for
                  | the Orb.
     0 | D:1      | Reached XP level 1. HP: 13/13 MP: 3/3
   265 | D:1      | Reached XP level 2. HP: 19/19 MP: 2/5
   523 | D:1      | Learned a level 2 spell: Passwall
  1064 | D:1      | Reached XP level 3. HP: 24/24 MP: 4/7
  1478 | D:2      | Noticed Jessica
  1483 | D:2      | Killed Jessica
  1484 | D:2      | Reached XP level 4. HP: 19/30 MP: 4/8
  1707 | D:2      | Found a burning altar of Makhleb.
  1846 | D:2      | Became a worshipper of Makhleb the Destroyer
  2128 | D:3      | Found Iley's Weapon Shop.
  2204 | D:3      | Reached XP level 5. HP: 35/35 MP: 6/9
  2225 | D:3      | Noticed Ijyb
  2238 | D:3      | Killed Ijyb
  2239 | D:3      | Reached skill level 5 in Earth Magic
  2306 | D:3      | Found a glowing drain.
  2323 | D:3      | Learned a level 3 spell: Stone Arrow
  2337 | Sewer    | Entered a sewer
  2348 | Sewer    | Reached * piety under Makhleb
  2349 | Sewer    | Reached skill level 1 in Shapeshifting
  2834 | D:3      | Noticed Robin
  2865 | D:3      | Killed Robin
  2866 | D:3      | Reached XP level 6. HP: 34/41 MP: 4/10
  2978 | D:3      | Found a shadowy altar of Dithmenos.
  2978 | D:3      | Found a faded altar of an unknown god.
  2986 | D:3      | Found a blossoming altar of Fedhas.
  2988 | D:3      | Found a glowing silver altar of Zin.
  2990 | D:3      | Found a hazy altar of Hepliaklqana.
  3549 | D:4      | Reached XP level 7. HP: 40/46 MP: 7/11
  3909 | D:4      | Reached skill level 5 in Shapeshifting
  3917 | D:4      | Reached ** piety under Makhleb
  4523 | D:5      | Entered Level 5 of the Dungeon
  4677 | D:5      | HP: 3/69 [centaur/arrow (2)]
  4678 | D:5      | Shot with an arrow by a centaur

Illustrated notes

Levels and vault maps discovered:
D:1:      dpeg_arrival_chambers_temple_mockup, layout_basic, minmay_cupped
D:2:      cheibrodos_helix_gallery, layout_basic, basic_altar, hex_intersection,
          uniq_jessica
D:3:      layout_loops_ring, chequers_temple_overflow_minitemple,
          portal_sewer_entry_b, serial_shops,
          nicolae_shop_temple_entry_statues_fountains,
          shapermc_ecumenical_altar_mp_ritualfount, minivault_25,
          amcnicky_mini_pool_small, uniq_ijyb, uniq_robin
D:4:      layout_layer_cave
D:5:      layout_rooms, dancing_weapons_uskayaw, mainiacjoe_overflow_24_doors

Skill      XL: |  1  2  3  4  5  6  7 |
---------------+----------------------+-----
Spellcasting   | 3 |  3.0
Earth Magic    | 4 5 |  5.2
Shapeshifting  | 2 4 5 |  5.3
Dodging        | |  2.0
Stealth        | |  2.0
Alchemy        | |  1.0

Action                     |  1- 3 |  4- 6 |  7- 9 || total
---------------------------+-------+-------+-------++-------
  Melee: Unarmed           |     3 |       |    37 ||    40
         Short sword       |     2 |    23 |       ||    25
         Constrict         |       |       |    12 ||    12
   Fire: Sling             |       |    15 |     2 ||    17
   Cast: Sandblast         |    45 |    82 |    19 ||   146
 Invoke: Minor Destruction |       |       |     4 ||     4
  Evoke: Wand              |       |     7 |     1 ||     8
    Use: Scroll            |       |     1 |       ||     1
         Potion            |       |     3 |     4 ||     7
   Stab: Invisible         |       |       |     1 ||     1
         Sleeping          |       |       |     1 ||     1
 Armour: Robe              |    19 |    44 |     1 ||    64
         Skin              |       |       |    34 ||    34
  Dodge: Dodged            |    13 |    46 |    23 ||    82
   Form: Serpent           |       |       |     1 ||     1

Table legend: (Time is in decaauts)
 A = Elapsed time spent in this place.
 B = Non-inter-level travel time spent in this place.
 C = Inter-level travel time spent in this place.
 D = Time resting spent in this place.
 E = Time spent auto-exploring this place.
 F = Levels seen in this place.
 G = Mean time per level.
                   A        B        C        D        E       F      G
               +--------+--------+--------+--------+--------+-----+--------+
         Total |   4766 |   4538 |    228 |    383 |   2989 |   6 |  794.3 |
       Dungeon |   4567 |   4339 |    228 |    269 |   2968 |   5 |  913.4 |
         Sewer |    199 |    199 |      0 |    114 |     20 |   1 |  199.0 |
               +--------+--------+--------+--------+--------+-----+--------+

Top non-repeatable levels by time:
     D:1: 1401 daAuts
     D:3: 1173 daAuts
     D:4: 1172 daAuts
     D:2: 735 daAuts
   Sewer: 199 daAuts
     D:5: 85 daAuts

Levels and vault maps discovered:
D:1:      dpeg_arrival_chambers_temple_mockup, layout_basic, minmay_cupped
D:2:      cheibrodos_helix_gallery, layout_basic, basic_altar, hex_intersection,
          uniq_jessica
D:3:      layout_loops_ring, chequers_temple_overflow_minitemple,
          portal_sewer_entry_b, serial_shops,
          nicolae_shop_temple_entry_statues_fountains,
          shapermc_ecumenical_altar_mp_ritualfount, minivault_25,
          amcnicky_mini_pool_small, uniq_ijyb, uniq_robin
D:4:      layout_layer_cave
D:5:      layout_rooms, dancing_weapons_uskayaw, mainiacjoe_overflow_24_doors

Table legend: (Time is in decaauts)
 A = Elapsed time spent in this place.
 B = Non-inter-level travel time spent in this place.
 C = Inter-level travel time spent in this place.
 D = Time resting spent in this place.
 E = Time spent auto-exploring this place.
 F = Levels seen in this place.
 G = Mean time per level.
                   A        B        C        D        E       F      G
               +--------+--------+--------+--------+--------+-----+--------+
         Total |   4766 |   4538 |    228 |    383 |   2989 |   6 |  794.3 |
       Dungeon |   4567 |   4339 |    228 |    269 |   2968 |   5 |  913.4 |
         Sewer |    199 |    199 |      0 |    114 |     20 |   1 |  199.0 |
               +--------+--------+--------+--------+--------+-----+--------+

Top non-repeatable levels by time:
     D:1: 1401 daAuts
     D:3: 1173 daAuts
     D:4: 1172 daAuts
     D:2: 735 daAuts
   Sewer: 199 daAuts
     D:5: 85 daAuts

Table legend:
 A = Kills in this place as a percentage of kills in the entire game.
 B = Kills by you in this place as a percentage of kills by you in the entire game.
 C = Kills by friends in this place as a percentage of kills by friends in the entire game.
 D = Other kills in this place as a percentage of other kills in the entire game.
 E = Experience gained in this place as a percentage of experience gained in the entire game.
 F = Experience gained in this place divided by the number of levels of this place that you have seen.
                   A       B       C       D       E      F
               +-------+-------+-------+-------+-------+----------------------
         Total | 100.0 | 100.0 | 100.0 |   N/A | 100.0 | 150.5
       Dungeon |  91.3 |  96.3 |   0.0 |   N/A |  92.6 | 167.2
         Sewer |   8.7 |   3.7 | 100.0 |   N/A |   7.4 |  67.0
               +-------+-------+-------+-------+-------+----------------------
